 Seeded DCSS version 0.30-a0-672-gc3a7216ad8 (webtiles) character file.

Game seed: 10617039283874685323 (custom seed)

1865 Juicyj the Shield-Bearer (level 8, 73/73 HPs)
             Began as a Minotaur Fighter on Jan 17, 2023.
             Quit the game on level 6 of the Dungeon on Jan 18, 2023.
             The game lasted 00:13:59 (5993 turns).

Juicyj the Shield-Bearer (Minotaur Fighter)         Turns: 5993, Time: 00:13:59

Health: 73/73      AC:  7    Str: 28    XL:     8   Next: 90%
Magic:  7/7        EV: 12    Int:  5    God:
Gold:   254        SH:  6    Dex: 15    Spells: 7/7 levels left

rFire   . . .      SeeInvis .    o - +5 hammer "Suyxkin" {flame, Dex+4}
rCold   . . .      Faith    .    c - +0 buckler
rNeg    . . .      Spirit   .    b - +0 scale mail
rPois   +          Reflect  .    (helmet restricted)
rElec   .          Harm     .    (no cloak)
rCorr   .          Rampage  .    (no gloves)
Will    .....                    (no boots) Stlth
                                 (no amulet)
HPRegen 0.32/turn                l - ring of poison resistance
MPRegen 0.10/turn                m - +6 ring of strength

@: no status effects
A: horns 2, retaliatory headbutt
a: no special abilities


You were on level 6 of the Dungeon.
You visited 1 branch of the dungeon, and saw 6 of its levels.

You collected 254 gold pieces.

Inventory:

Hand Weapons
 a - a +0 flail
 o - the +5 hammer "Suyxkin" (weapon) {flame, Dex+4}
   (You found it on level 2 of the Dungeon)

   Dex:       It affects your dexterity (+4).
Armour
 b - a +0 scale mail (worn)
 c - a +0 buckler (worn)
Jewellery
 l - a ring of poison resistance (left hand)
 m - a +6 ring of strength (right hand)
Wands
 n - a wand of iceblast (6)
 w - a wand of mindburst (11)
 y - a wand of digging (6)
Scrolls
 f - 4 scrolls of fear {unknown}
 g - 2 scrolls of teleportation {unknown}
 h - 5 scrolls of identify {unknown}
 j - a scroll of magic mapping {unknown}
 k - 2 scrolls of blinking {unknown}
 p - a scroll of enchant armour {unknown}
 q - 2 scrolls of acquirement {unknown}
 t - 3 scrolls of vulnerability {unknown}
Potions
 d - a potion of might
 e - 2 potions of resistance {unknown}
 i - 4 potions of flight {unknown}
 r - a potion of heal wounds {unknown}
 s - a potion of brilliance {unknown}
 u - 2 potions of attraction {unknown}
 v - a potion of mutation {unknown}
 x - 2 potions of berserk rage {unknown}


   Skills:
 + Level 7.2 Fighting
 + Level 6.6 Maces & Flails
 + Level 7.2 Armour
 + Level 5.3 Dodging
 + Level 7.2 Shields


You had 7 spell levels left.
You didn't know any spells.
Your spell library contained the following spells:

 Spells                   Type           Power      Damage    Failure   Level
 Beastly Appendage        Tmut           0%         N/A       80%         1
 Cigotuvi's Dreadful Rot  Necr/Pois/Air  0%         N/A       90%         2
 Ensorcelled Hibernation  Hex/Ice        0%         N/A       90%         2
 Passwall                 Tmut/Erth      0%         N/A       90%         2
 Poisonous Vapours        Pois/Air       0%         N/A       90%         2
 Wereblood                Tmut           0%         N/A       90%         2
 Mephitic Cloud           Conj/Pois/Air  0%         N/A       99%         3
 Ozocubu's Armour         Ice            0%         N/A       99%         3
 Spider Form              Tmut/Pois      0%         N/A       99%         3
 Swiftness                Air            0%         N/A       99%         3
 Anguish                  Hex/Necr       0%         N/A       100%        4
 Summon Ice Beast         Ice/Summ       0%         N/A       100%        4
 Summon Mana Viper        Hex/Summ       0%         N/A       100%        5
 Monstrous Menagerie      Summ           0%         N/A       100%        7
 Ozocubu's Refrigeration  Ice            0%         4d7       100%        7


Dungeon Overview and Level Annotations

Branches:
Dungeon (6/15)
 Temple: D:4-7

Altars:


Innate Abilities, Weirdness & Mutations

You have a pair of horns on your head.
You reflexively headbutt those who attack you in melee.


Message History

You now have 246 gold pieces (gained 5).
Items here: ))))) [[[.
You see here a +0 flail.
Key pressed, stopping explore.
Things that are here:
a +3 dagger; a +0 robe
Things that are here:
a +0 halberd; a +0 chain mail
Items here: )) [[.
g - 2 scrolls labelled WISHRA KOTAIFAI (gained 1)
Items here: )) [[.
Things that are here:
a +0 halberd; a +0 chain mail
Things that are here:
a +3 dagger; a +0 robe Key pressed, stopping explore.
You now have 254 gold pieces (gained 8).
Done exploring.
Done exploring.
Done exploring.
You have 254 gold pieces.
Welcome back, Juicyj the Minotaur Fighter.
Game seed: 10617039283874685323 (custom seed) Press ? for a list of commands and other information.
Welcome back, Juicyj the Minotaur Fighter.
Game seed: 10617039283874685323 (custom seed) Press ? for a list of commands and other information.
Done exploring.
Welcome back, Juicyj the Minotaur Fighter.
Game seed: 10617039283874685323 (custom seed) Press ? for a list of commands and other information.
Done exploring.
Welcome back, Juicyj the Minotaur Fighter.
Game seed: 10617039283874685323 (custom seed) Press ? for a list of commands and other information.
Welcome back, Juicyj the Minotaur Fighter.
Game seed: 10617039283874685323 (custom seed) Press ? for a list of commands and other information.
Done exploring.
Are you sure you want to abandon this character and quit the game? (Confirm with "yes".)

........#.#........#..#
..###.#.#.#........#..#
....#.....#........#..####
#.#..##.#.'........#.....#
#.##.##.#.#........#.....#
#.##.##.#.##########..#..#
#.......#.............#..#
####>#######....##.#.##..#
#.#######....@..#.##..#
###.#..........##..)....#
#.....#####..#......#####
#.....# #.......###
#.....# ##.####.# #.....#
#......# #.....# ########
#######


There were no monsters in sight!

Vanquished Creatures
  Grinder (D:6)
  Duvessa (D:6)
  2 ice beasts
  2 orc warriors
  A centaur (D:5)
  A phantom (D:5)
  A necrophage (D:5)
  2 scorpions
  Dowan (D:6)
  A killer bee (D:5)
  Crazy Yiuf (D:2)
  A gnoll bouda (D:6)
  An orc priest (D:6)
  4 hounds (D:5)
  A jelly (D:5)
  4 iguanas
  6 orc wizards
  7 gnolls
  10 adders
  2 white imps
  An ufetubus (D:5)
  A worm (D:2)
  A dart slug (D:4)
  13 orcs
  10 ball pythons
  3 endoplasms
  6 giant cockroaches
  9 goblins
  4 hobgoblins
  7 jackals
  2 quokkas (D:2)
  4 bats
  2 frilled lizards (D:1)
  9 kobolds
  6 rats
128 creatures vanquished.

Notes
Turn   | Place    | Note
-------+----------+-------------------------------------------
     0 | D:1      | Juicyj the Minotaur Fighter began the quest for the Orb.
     0 | D:1      | Reached XP level 1. HP: 19/19 MP: 0/0
    75 | D:1      | Reached XP level 2. HP: 27/27 MP: 1/1
   479 | D:1      | Reached XP level 3. HP: 18/33 MP: 2/2
   872 | D:2      | Reached skill level 1 in Dodging
   949 | D:2      | Found a runed translucent door.
   949 | D:2      | Identified the +5 hammer "Suyxkin" {flame, Dex+4}
   950 | D:2      | Noticed Crazy Yiuf
   983 | D:2      | Reached XP level 4. HP: 40/40 MP: 3/3
  1499 | D:2      | Killed Crazy Yiuf
  1500 | D:2      | Reached XP level 5. HP: 18/46 MP: 4/4
  2942 | D:4      | Reached XP level 6. HP: 55/55 MP: 5/5
  3036 | D:4      | Reached skill level 5 in Fighting
  3036 | D:4      | Reached skill level 5 in Armour
  3036 | D:4      | Reached skill level 5 in Shields
  3282 | D:5      | Entered Level 5 of the Dungeon
  3483 | D:5      | Noticed an orc warrior
  3496 | D:5      | Killed an orc warrior
  3499 | D:5      | Reached XP level 7. HP: 34/61 MP: 6/6
  3735 | D:5      | Reached skill level 5 in Maces & Flails
  4039 | D:5      | Reached XP level 8. HP: 70/70 MP: 7/7
  4962 | D:6      | Noticed Duvessa
  4981 | D:6      | Killed Duvessa
  4991 | D:6      | Noticed Dowan
  5006 | D:6      | Killed Dowan
  5109 | D:6      | Reached skill level 5 in Dodging
  5344 | D:6      | Noticed Grinder
  5352 | D:6      | Paralysed by Grinder for 5 turns
  5357 | D:6      | Killed Grinder
  5993 | D:6      | Upgraded the game from 0.30-a0-652-gcc886f7154 to
                  | 0.30-a0-672-gc3a7216ad8
  5993 | D:6      | Quit the game

Illustrated notes

Levels and vault maps discovered:
D:1:      lightli_arrival_maybe_door_vault, layout_loops_cross
D:2:      minmay_diamond_boxcup, layout_basic, uniq_crazy_yiuf_cottage
D:3:      layout_rooms
D:4:      layout_loops_ring
D:5:      minmay_chambers_of_fours, layout_loops_ring
D:6:      layout_loops_cross, minivault_25, uniq_duvessa, uniq_grinder

Skill      XL: |  1  2  3  4  5  6  7  8 |
---------------+-------------------------+-----
Shields        | 4 5 6 7 |  7.2
Fighting       | 4 5 6 7 |  7.2
Armour         | 4 5 6 7 |  7.2
Maces & Flails | 3 4 5 6 |  6.6
Dodging        | 1 2 3 4 5 |  5.3

Action                   |  1- 3 |  4- 6 |  7- 9 || total
-------------------------+-------+-------+-------++-------
Melee: Flail             |    67 |       |       ||    67
       Headbutt          |    12 |    14 |    23 ||    49
       Mace              |     2 |   107 |   111 ||   220
  Use: Potion            |       |       |     2 ||     2
Armor: Scale mail        |    48 |    42 |    53 ||   143
Dodge: Dodged            |    28 |    51 |    72 ||   151
Block: Buckler           |    16 |    29 |    36 ||    81

Table legend: (Time is in decaauts)
 A = Elapsed time spent in this place.
 B = Non-inter-level travel time spent in this place.
 C = Inter-level travel time spent in this place.
 D = Time resting spent in this place.
 E = Time spent auto-exploring this place.
 F = Levels seen in this place.
 G = Mean time per level.
                   A        B        C        D        E       F      G
               +--------+--------+--------+--------+--------+-----+--------+
         Total |   6055 |   5701 |    354 |    883 |   4061 |   6 | 1009.2 |
       Dungeon |   6055 |   5701 |    354 |    883 |   4061 |   6 | 1009.2 |
               +--------+--------+--------+--------+--------+-----+--------+

Top non-repeatable levels by time:
     D:2: 1474 daAuts
     D:5: 1441 daAuts
     D:6: 1290 daAuts
     D:4: 832 daAuts
     D:1: 689 daAuts
     D:3: 326 daAuts
